 Dungeon Crawl Stone Soup version 0.31-a0-152-g6aa68a64a1 (webtiles) character file.

Game seed: 1280964149883349843

6171 Gargoyl the Cleaver (level 10, -3/63 HPs)
             Began as a Gargoyle Berserker on June 11, 2023.
             Was an Elder of Trog.
             Slain by a very large slime creature (52 damage)
             ... in an ice cave.
             The game lasted 00:10:59 (8454 turns).

Gargoyl the Cleaver (Gargoyle Berserker)            Turns: 8454, Time: 00:11:00

Health: -3/63      AC: 21    Str: 27    XL:     10   Next: 91%
Magic:  10/10      EV: 11    Int:  8    God:    Trog [****..]
Gold:   458        SH:  0    Dex: 13    Spells: 9/9 levels left

rFire   . . .        t - +2 hand axe (elec)
rCold   + . .        (no shield)
rNeg    + . .        e - +0 chain mail
rPois   ∞            (no helmet)
rElec   +            n - +2 cloak
rCorr   .            (no gloves)
SInv    .            (no boots)
Will    .....        (no amulet) Stlth
                     c - +6 ring of strength
HPRegen 0.30/turn    g - ring of protection from cold
MPRegen 0.12/turn

%: no passive effects
@: no status effects
A: sickness immunity, AC +7, negative energy resistance 1, electricity
resistance, torment resistance 1, petrification resistance
a: Renounce Religion, Berserk, Trog's Hand, Brothers in Arms


You were in an ice cave.
You worshipped Trog.
Trog was greatly pleased with you.
You visited 2 branches of the dungeon, and saw 10 of its levels.
You also visited: Sewer and Ice Cave.

You collected 458 gold pieces.

Inventory:

Hand Weapons
 a - a +2 hand axe
 d - a +2 spear of freezing
 t - a +2 hand axe of electrocution (weapon)
Missiles
 o - 4 poisoned darts (quivered)
 q - 5 silver javelins
Armour
 e - a +0 chain mail (worn)
 k - a +0 buckler
 n - a +2 cloak (worn)
 B - a +2 buckler of cold resistance
Jewellery
 c - a +6 ring of strength (left hand)
 g - a ring of protection from cold (right hand)
 z - an amulet of faith
 A - a ring of resist corrosion
Wands
 i - a wand of quicksilver (12)
 p - a wand of polymorph (3)
Scrolls
 h - 3 scrolls of fear
 j - 3 scrolls of blinking
 s - 5 scrolls of magic mapping
 y - a scroll of fog {unknown}
Potions
 b - 2 potions of ambrosia
 f - 3 potions of heal wounds
 l - 5 potions of curing
 m - a potion of lignification
 r - a potion of haste {unknown}
 u - 2 potions of enlightenment {unknown}
 v - 4 potions of degeneration {unknown}
 w - a potion of mutation {unknown}
 x - a potion of might {unknown}


   Skills:
 + Level 7.3 Fighting
 + Level 10.0 Axes
 + Level 9.2 Armour
 + Level 4.3 Dodging
 + Level 1.6 Stealth
 + Level 4.8 Shields


You had 9 spell levels left.
You didn't know any spells.
Your spell library was empty.

Dungeon Overview and Level Annotations

Branches:
Dungeon (9/15)             Temple (0/1) D:4            Lair (1/5) D:8
    Orc (0/2) D:9           Sewer (visited)           IceCv (1/1)

Altars:
Cheibriados
Elyvilon
Kikubaaqudgha
Okawaru
Ru
Vehumet
Wu Jian

Shops:
D:5 :   D:9 =


Innate Abilities, Weirdness & Mutations

You are immune to sickness and miasma.
Your stone body is resilient. (AC +7)
You are immune to poison.
You resist negative energy. (rN+)
You are resistant to electric shocks. (rElec)
You are resistant to unholy torment.
You are immune to petrification.


Message History

Trog accepts your kill.
You hit the slime creature but do no damage.
The slime creature hits you but does no damage.
Your Axes skill increases to level 10!
A slime creature comes into view.
The slime creature hits you!
You see here a potion of heal wounds.
You hit the slime creature.
The slime creature is moderately wounded.
The slime creature hits you but does no damage.
You hit the slime creature.
Lightning courses through the slime creature!
The slime creature is heavily wounded.
The slime creature closely misses you.
You slash the slime creature!
The slime creature is severely wounded.
You hit the slime creature.
Lightning courses through the slime creature!!
You kill the slime creature!
Trog accepts your kill.
A great orb of eyes simulacrum and 2 slime creatures come into view.
The slime creature quivers. x2
The slime creature moves out of view.
You see here a +0 helmet.
Unknown command.
You see here a potion of heal wounds.
f - 3 potions of heal wounds (gained 1)
The slime creature hits you.
You barely miss the slime creature. The slime creature barely misses you.
Two slime creatures merge to form a large slime creature.
You slash the slime creature!
The slime creature is lightly wounded.
Two slime creatures merge to form a very large slime creature.
You slash the very large slime creature!
Lightning courses through the very large slime creature!
The very large slime creature is lightly wounded.
The very large slime creature attacks as you move away!
The very large slime creature hits you!!!
Ouch! That really hurt!
You die...

##.## ##.## ####...####
#.........####
....#####.....##
..####...###..... #
####.......####.. #..
##.....##......###
.....##@...########....#
.....ZJ[(### .####....
....###### ......... ..
#....###. ###.. ## ##.
.. .


You could see a very large slime creature and a great orb of eyes simulacrum.

Vanquished Creatures
  Maggie (D:6)
  A hornet (D:7)
  Prince Ribbit (D:6)
  Sigmund (D:4)
  7 slime creatures
  A basilisk (Lair:1)
  A steam dragon (D:8)
  4 vampire mosquitoes (D:8)
  3 water moccasins
  A black bear (D:6)
  4 orc warriors
  An ogre (D:4)
  A sky beast (D:7)
  A centaur (D:9)
  A slime creature simulacrum (IceCv)
  4 bullfrogs
  2 scorpions (D:6)
  3 glowing shapeshifter simulacra (IceCv)
  2 jellies
  5 killer bees (D:7)
  5 howler monkeys
  An electric eel (Lair:1)
  3 gnoll boudas
  6 orc priests
  5 hounds
  An iguana (D:5)
  Crazy Yiuf (D:7)
  10 orc wizards
  6 adders
  16 gnolls
  2 river rats (Sewer)
  A shadow imp (D:6)
  5 white imps
  A worm (D:2)
  A dart slug (D:1)
  35 orcs
  8 endoplasms
  9 giant cockroaches
  8 hobgoblins
  3 jackals
  5 quokkas
  11 ball pythons
  7 bats
  7 frilled lizards
  6 goblins
  9 kobolds
  11 rats
228 creatures vanquished.

Vanquished Creatures (collateral kills)
  An orc warrior (D:9)
  An orc priest (D:9)
2 creatures vanquished.

Grand Total: 230 creatures vanquished

Notes
Turn   | Place    | Note
-------+----------+-------------------------------------------
     0 | D:1      | Gargoyl the Gargoyle Berserker began the quest for the Orb.
     0 | D:1      | Reached XP level 1. HP: 14/14 MP: 1/1
   192 | D:1      | Reached XP level 2. HP: 19/19 MP: 2/2
   265 | D:1      | Reached skill level 3 in Axes
   809 | D:2      | Reached XP level 3. HP: 23/23 MP: 3/3
   860 | D:2      | Reached ** piety under Trog
   975 | D:2      | Reached XP level 4. HP: 25/28 MP: 4/4
  1549 | D:3      | Reached XP level 5. HP: 33/33 MP: 5/5
  1610 | D:3      | Reached skill level 4 in Axes
  1927 | D:3      | Reached *** piety under Trog
  2167 | D:4      | Reached XP level 6. HP: 38/38 MP: 6/6
  2200 | D:4      | Found a radiant altar of Vehumet.
  2392 | D:4      | Reached skill level 5 in Axes
  2402 | D:4      | Found a glowing drain.
  2420 | Sewer    | Entered a sewer
  2820 | D:4      | Noticed Sigmund
  2830 | D:4      | Killed Sigmund
  2831 | D:4      | Reached XP level 7. HP: 44/44 MP: 7/7
  3036 | D:4      | Reached skill level 1 in Shields
  3115 | D:4      | Found a sacrificial altar of Ru.
  3140 | D:4      | Found a staircase to the Ecumenical Temple.
  3318 | D:5      | Entered Level 5 of the Dungeon
  3401 | D:5      | Found Poen's Book Shop.
  3506 | D:5      | Reached skill level 6 in Axes
  3626 | D:5      | Reached XP level 8. HP: 32/48 MP: 8/8
  3750 | D:5      | You fall into a shaft and drop 2 floors!
  3759 | D:7      | Noticed a hornet
  3763 | D:7      | Killed a hornet
  3764 | D:7      | Reached skill level 5 in Fighting
  3873 | D:7      | Reached skill level 7 in Axes
  3891 | D:7      | Reached skill level 5 in Armour
  3923 | D:7      | Reached **** piety under Trog
  4282 | D:6      | Noticed Prince Ribbit
  4302 | D:6      | Killed Prince Ribbit
  4303 | D:6      | Reached XP level 9. HP: 53/55 MP: 9/9
  4457 | D:6      | Reached skill level 8 in Axes
  4496 | D:6      | Identified the +0 ring mail of the Present {rElec Will-
                  | Str-5 Dex+4}
  4557 | D:6      | Found a snail-covered altar of Cheibriados.
  4742 | D:6      | Noticed Maggie
  4750 | D:6      | Killed Maggie
  5672 | D:7      | Found a runed translucent door.
  5673 | D:7      | Noticed Crazy Yiuf
  5679 | D:7      | Killed Crazy Yiuf
  5804 | D:7      | Reached skill level 1 in Stealth
  5989 | D:7      | Found an ancient bone altar of Kikubaaqudgha.
  6027 | D:7      | Found an iron altar of Okawaru.
  6027 | D:7      | Found an ornate altar of the Wu Jian Council.
  6273 | D:8      | Found a white marble altar of Elyvilon.
  6296 | D:8      | Reached skill level 9 in Axes
  6308 | D:8      | Reached XP level 10. HP: 27/61 MP: 10/10
  6536 | D:8      | Found a staircase to the Lair.
  6967 | D:9      | Found Ohoadipp's Jewellery Emporium.
  7928 | D:9      | Found a staircase to the Orcish Mines.
  8056 | Lair:1   | Entered Level 1 of the Lair of Beasts
  8090 | Lair:1   | Found a frozen archway.
  8103 | IceCv    | Entered an ice cave
  8443 | IceCv    | Reached skill level 10 in Axes
  8454 | IceCv    | Slain by a very large slime creature

Illustrated notes

Levels and vault maps discovered:
D:1:      onia_arrival_pentagram, layout_loops_ring
D:2:      layout_basic, patterned_corridor
D:3:      minmay_skewed_foursquare, layout_rooms,
          wander_ebering_terrifying_dragon_lair
D:4:      layout_cave_pools, vehumet_crystals, nicolae_ru_path_of_blood,
          minmay_temple_entry_ruins, portal_sewer_entry_f, dk_noncrumbling_2,
          amethyst_killhole, hangedman_decor_opposing, uniq_sigmund
D:5:      layout_basic, serial_shops, nicolae_book_shop_shelving
D:6:      layout_layer_cave, mainiacjoe_overflow_24_doors, corexii_shack,
          hangedman_decor_lopped, corexii_shack, minmay_hedge_maze,
          uniq_prince_ribbit1, uniq_maggie
D:7:      layout_gridville, kennysheep_mini, gammafunk_temple_overflow_elements,
          uniq_crazy_yiuf_cottage
D:8:      layout_basic, elyvilon_altar_1, lair_entry_dummy
D:9:      layout_long_grid, david_orc_4, serial_shops, shop, hex_medium
Lair:1:   layout_cellular_growth, portal_ice_cave_entry_pillars_1,
          infiniplex_staircase_pool
IceCv:    ice_cave_hellmonk_azure_passage

Skill      XL: |  1  2  3  4  5  6  7  8  9 10 |
---------------+-------------------------------+-----
Axes           | 3 4 5 6 7 9 10 | 10.0
Dodging        | 2 3 4 |  4.3
Armour         | 3 4 6 7 9 |  9.2
Fighting       | 4 5 6 7 |  7.3
Shields        | 1 2 3 4 |  4.8
Stealth        | 1 |  1.6

Action                     |  1- 3 |  4- 6 |  7- 9 | 10-12 || total
---------------------------+-------+-------+-------+-------++-------
  Melee: Hand axe          |   106 |   229 |   253 |   139 ||   727
         Punch             |     1 |       |       |       ||     1
 Invoke: Berserk           |       |     4 |     9 |     4 ||    17
         Trog's Hand       |       |     3 |     2 |     3 ||     8
         Brothers in Arms  |       |       |       |     1 ||     1
    Use: Scroll            |     4 |     2 |    10 |     3 ||    19
         Potion            |       |       |       |     1 ||     1
 Armour: Animal skin       |    26 |       |       |       ||    26
         Chain mail        |    45 |   159 |   152 |    87 ||   443
  Dodge: Dodged            |    73 |   154 |   126 |    61 ||   414
  Block: Buckler           |       |    13 |    57 |    23 ||    93

Table legend: (Time is in decaauts)
 A = Elapsed time spent in this place.
 B = Non-inter-level travel time spent in this place.
 C = Inter-level travel time spent in this place.
 D = Time resting spent in this place.
 E = Time spent auto-exploring this place.
 F = Levels seen in this place.
 G = Mean time per level.
                   A        B        C        D        E       F      G
               +--------+--------+--------+--------+--------+-----+--------+
         Total |   8689 |   8396 |    293 |    421 |   5934 |  12 |  724.1 |
       Dungeon |   7848 |   7555 |    293 |    230 |   5632 |   9 |  872.0 |
          Lair |     44 |     44 |      0 |      0 |      0 |   1 |   44.0 |
         Sewer |    451 |    451 |      0 |      0 |    215 |   1 |  451.0 |
      Ice Cave |    344 |    344 |      0 |    191 |     86 |   1 |  344.0 |
               +--------+--------+--------+--------+--------+-----+--------+

Top non-repeatable levels by time:
     D:6: 1235 daAuts
     D:7: 1120 daAuts
     D:9: 1091 daAuts
     D:2: 892 daAuts
     D:4: 823 daAuts
     D:8: 793 daAuts
     D:3: 647 daAuts
     D:1: 646 daAuts
     D:5: 597 daAuts
   Sewer: 451 daAuts
   IceCv: 344 daAuts
  Lair:1: 44 daAuts
